 Dungeon Crawl Stone Soup version v3.33-hellcrawl-189-gd9da4bb (webtiles) character file.

26 tyvek the Grappler (level 10, 0/108 HPs) *CASUAL*
             Began as a Yellow Draconian Transmuter on Oct 22, 2017.
             Was a Follower of Cheibriados.
             Slain by a yak (4 damage)
             ... on level 8 of the Dungeon.
             The game lasted 00:13:39 (7932 turns).

tyvek the Grappler (Yellow Draconian Transmuter)    Turns: 7932, Time: 00:13:40

Health: 0/108      AC:  7 (0%)Str: 16   XL:     10   Next: 93%
Magic:  5/9        EV: 11    Int: 19    God:    Cheibriados [1*[39]]
Gold:   610        SH:  0    Dex: 15    Spells: 3/13 levels left

rFire    x . .     SeeInvis .     - Unarmed
rCold    + + +     Faith    .   (shield currently unavailable)
rNeg     . . .     Spirit   .   (armour unavailable)
rPois    +         Reflect  .   (helmet currently unavailable)
rElec    .                      (cloak currently unavailable)
rCorr    .                      (gloves currently unavailable)
MR       .....                  (boots currently unavailable)
Stlth    +.........             g - amulet of regeneration
Regen    0.7/turn               I - +3 ring of intelligence
MPRegen  0.2/turn               (no ring)

@: short of breath, ice-form, very slightly contaminated, very slow
A: (spit acid), (acid resistance), unfitting armour, AC +7
a: End Transformation, Bend Time, Renounce Religion


You were on level 8 of the Dungeon.
You worshipped Cheibriados.
Cheibriados was aware of your devotion.
You were not hungry.
You were a creature of crystalline ice.
You visited 1 branch of the dungeon, and saw 8 of its levels.
You also visited: Ossuary.

You collected 610 gold pieces.


Innate Abilities, Weirdness & Mutations

((You can spit globs of acid.))
((You are resistant to acid.))
((Your golden yellow scales are hard. (AC +7)))
Your body does not fit into most forms of armour.
((You are cold-blooded and may be slowed by cold attacks.))


   Skills:
 + Level 8.6 Fighting
 + Level 3.2 Dodging
 + Level 10.4 Unarmed Combat
 + Level 2.1 Spellcasting
 + Level 9.6 Transmutations
 - Level 4.9 Ice Magic


You had 3 spell levels left.
You knew the following spells:

 Your Spells              Type           Power        Failure   Level  Hunger
c - Ice Form              Ice/Tmut       29 (100)     9%          4    #####..
p - Spider Form           Tmut           38 (200)     1%          3    ###....
t - Sticks to Snakes      Tmut/Summ      20 (100)     3%          2    ##.....
z - Beastly Appendage     Tmut           38 (50)      1%          1    #......

Inventory:

Missiles
 a - 1271 arrows
Armour
 c - a +0 cloak (melded)
 d - a +2 pair of boots (melded)
Jewellery
 g - an amulet of regeneration (around neck)
 B - an uncursed amulet of rage
 I - a +3 ring of intelligence (left front paw)
Wands
 q - a wand of lightning (5)
Scrolls
 f - 2 scrolls of amnesia
 i - 3 scrolls of fog
 n - 2 scrolls of enchant weapon
 o - 2 scrolls of fear
 p - 5 scrolls of teleportation {@r4}
 t - 2 scrolls of enchant armour
Potions
 b - a potion of cancellation
 e - 3 potions of lignification
 h - 2 potions of invisibility
 j - a potion of magic
 k - 4 potions of flight
 l - 3 potions of curing {@q1}
 m - 13 potions of mutation
 r - a potion of ambrosia
 s - a potion of augmentation
 u - a potion of resistance

Dungeon Overview and Level Annotations

Branches:
Dungeon (8/15)

Altars:
Cheibriados
Dithmenos
Elyvilon
Gozag
Hepliaklqana
Kikubaaqudgha
Makhleb
Nemelex Xobeh
Okawaru
Qazlal
Ru
Sif Muna
Trog
Uskayaw
Vehumet
Xom
Yredelemnul
Zin
The Shining One

Annotations:
D:7 1 runed door

.#
#.##.#....##....#......#
##
#.##)#.....+....#......#
#.........##....########
####+##......###.###
..........#### #.####
..[......>...###....#
....................#
.............###....#
...............#YY..#
########.......#YY..#
#####...#Y...#######
#...#..........#
#...#..........#
#...#..........#
#...#....≈.....#
#...##..!≈≈[...#
#...##...≈≈....#


You could see 4 yaks.


Message History

You miscast Ice Form.
You are very lightly contaminated with residual magic.
Nothing appears to happen.
The yak gores you but does no damage. x2
The yak closely misses you. x2
Casting: Ice Form
Confirm with . or Enter, or press ? or * to list all spells.
Your horns disappear.
You turn into a creature of crystalline ice.
Your +0 cloak melds into your body.
Your +2 pair of boots melds into your body.
The yak gores you (1).
* * * LOW HITPOINT WARNING * * *
The yak gores you (9)!
* * * LOW HITPOINT WARNING * * *
The yak barely misses you. The yak gores you (6).
* * * LOW HITPOINT WARNING * * *
You are too injured to fight recklessly!
You are too injured to fight recklessly!
You are too injured to fight recklessly!
Unknown command.
The yak gores you (1).
* * * LOW HITPOINT WARNING * * *
The yak gores you (7)!
* * * LOW HITPOINT WARNING * * *
The yak misses you. The yak gores you (4).
* * * LOW HITPOINT WARNING * * *
The yak gores you (18)!!
* * * LOW HITPOINT WARNING * * *
The yak gores you (4).
You die...

Skill      XL: |  1  2  3  4  5  6  7  8  9 10 |
---------------+-------------------------------+-----
Unarmed Combat | 4 5 6 7 8 9 10 | 10.4
Transmutations | 3 4 5 7 8 9 |  9.6
Fighting       | 4 7 8 |  8.6
Ice Magic      | 3 4 |  4.9
Dodging        | 3 |  3.2
Spellcasting   | |  2.1

Action                   |  1- 3 |  4- 6 |  7- 9 | 10-12 || total
-------------------------+-------+-------+-------+-------++-------
Melee: Unarmed           |    62 |   112 |   259 |   142 ||   575
       Headbutt          |     8 |     3 |       |     8 ||    19
       Tailslap          |     5 |     5 |       |     6 ||    16
       Punch             |       |       |       |     2 ||     2
 Cast: Beastly Appendage |     1 |       |       |     1 ||     2
       Spider Form       |       |     1 |       |     1 ||     2
       Ice Form          |       |       |     1 |     2 ||     3
 Abil: End Transformatio |       |       |     1 |     3 ||     4
       Breathe Acid      |       |       |       |     1 ||     1
  Use: Potion            |       |       |     3 |     4 ||     7
 Stab: Sleeping          |     1 |     4 |     3 |       ||     8
Armor: Skin              |    21 |    14 |    12 |    21 ||    68
Dodge: Dodged            |    37 |   111 |   229 |   103 ||   480

Vault maps used:
D:1:      dpeg_arrival_three_smaller_balls, hangedman_decor_growths
D:2:      okawaru_metal_pillars_3, nicolae_ru_the_path_less_chosen,
          grunt_dithmenos_smoke, nicolae_overflow_crystal_walls, uniq_robin
D:3:      led_xom_imps, lemuel_crystal_altar
D:4:      marbit_many_paths, hangedman_abyss_or_decor_slice, minivault_24
D:5:      dancing_weapons_uskayaw, kennysheep_mini_moat, kennysheep_mini,
          lemuel_doored_altar, basic_altar
D:6:      trog_ov_bears_minmay, kiku_gazebo_garden_becter,
          nicolae_qazlal_style_of_elements, kennysheep_slug_shrine,
          nicolae_gozag_seed_capital, lemuel_round_altar, enter_ossuary_4
D:7:      cheibrodos_shockbox, overflow_temple_1_default, kennysheep_little_box,
          basic_altar
Ossuary:  ossuary_crypta

Notes
Turn   | Place    | Note
-------+----------+-------------------------------------------
     0 | D:1      | tyvek the Draconian Transmuter began the quest for the Orb.
     0 | D:1      | Reached XP level 1. HP: 16/16 MP: 3/3
    52 | D:1      | Reached XP level 2. HP: 12/23 MP: 4/4
   253 | D:1      | Learned a level 2 spell: Sticks to Snakes
   292 | D:1      | Reached XP level 3. HP: 18/28 MP: 5/5
   479 | D:1      | Reached skill level 4 in Unarmed Combat
   792 | D:1      | Learned a level 3 spell: Spider Form
   916 | D:1      | Reached XP level 4. HP: 34/35 MP: 6/6
  1024 | D:2      | Reached skill level 5 in Unarmed Combat
  1024 | D:2      | Reached skill level 3 in Transmutations
  1029 | D:2      | Reached XP level 5. HP: 20/40 MP: 3/3
  1287 | D:2      | Found a sacrificial altar of Ru.
  1488 | D:2      | Found an iron altar of Okawaru.
  1488 | D:2      | Noticed Samantha
  1498 | D:2      | Reached skill level 6 in Unarmed Combat
  1505 | D:2      | Killed Samantha
  1505 | D:2      | Reached XP level 6. HP: 44/47 MP: 5/5
  1540 | D:2      | Found a burning altar of Makhleb.
  1734 | D:2      | Found a shadowy altar of Dithmenos.
  1920 | D:3      | Found a shimmering altar of Xom.
  1940 | D:3      | Reached skill level 4 in Transmutations
  1958 | D:3      | Found a radiant altar of Vehumet.
  1990 | D:3      | Reached skill level 7 in Unarmed Combat
  1990 | D:3      | Your scales start taking on a golden yellow colour.
  1990 | D:3      | Reached XP level 7. HP: 23/52 MP: 6/6
  2442 | D:3      | Reached skill level 5 in Transmutations
  2768 | D:3      | Reached skill level 8 in Unarmed Combat
  3307 | D:4      | Reached XP level 8. HP: 61/61 MP: 8/8
  3312 | D:4      | Reached skill level 2 in Fighting
  3840 | D:4      | Reached skill level 3 in Fighting
  3840 | D:4      | Reached skill level 6 in Transmutations
  4037 | D:4      | Found a glowing silver altar of Zin.
  4106 | D:5      | Entered Level 5 of the Dungeon
  4106 | D:5      | Found a bloodstained altar of Trog.
  4128 | D:5      | Reached skill level 4 in Fighting
  4128 | D:5      | Reached skill level 9 in Unarmed Combat
  4336 | D:5      | Reached skill level 7 in Transmutations
  4336 | D:5      | Reached XP level 9. HP: 19/73 MP: 9/9
  4338 | D:5      | HP: 6/73 [orc priest/divine providence (11)]
  4353 | D:5      | Reached skill level 5 in Fighting
  4407 | D:5      | Found a hazy altar of Hepliaklqana.
  4525 | D:5      | Learned a level 4 spell: Ice Form
  4549 | D:5      | Noticed a hand axe
  4550 | D:5      | Noticed a dagger
  4552 | D:5      | Found a hide-covered altar of Uskayaw.
  4570 | D:5      | Reached skill level 1 in Ice Magic
  4625 | D:5      | Found a sparkling altar of Nemelex Xobeh.
  4812 | D:5      | Found a deep blue altar of Sif Muna.
  5022 | D:6      | Found an opulent altar of Gozag.
  5067 | D:6      | Reached skill level 6 in Fighting
  5127 | D:6      | Reached skill level 2 in Ice Magic
  5132 | D:6      | Found a bloodstained altar of Trog.
  5151 | D:6      | Reached skill level 10 in Unarmed Combat
  5179 | D:6      | Found a stormy altar of Qazlal.
  5206 | D:6      | Reached skill level 8 in Transmutations
  5227 | D:6      | Reached skill level 3 in Ice Magic
  5322 | D:6      | Found an ancient bone altar of Kikubaaqudgha.
  5374 | D:6      | Reached skill level 7 in Fighting
  5406 | D:6      | Found a basalt altar of Yredelemnul.
  5459 | D:6      | Found a sand-covered staircase.
  5476 | Ossuary  | Entered an ossuary
  5497 | Ossuary  | Reached XP level 10. HP: 86/86 MP: 1/8
  5771 | D:6      | Found a snail-covered altar of Cheibriados.
  5782 | D:6      | Became a worshipper of Cheibriados the Contemplative
  6000 | D:7      | Found a stormy altar of Qazlal.
  6015 | D:7      | HP: 2/103 [orc warrior/+0 quarterstaff (11)]
  6270 | D:7      | Reached skill level 4 in Ice Magic
  6439 | D:7      | Found a runed door.
  6439 | D:7      | Noticed a sixfirhy
  6745 | D:7      | Found a white marble altar of Elyvilon.
  6816 | D:7      | Reached skill level 9 in Transmutations
  7009 | D:7      | Found a glowing golden altar of the Shining One.
  7342 | D:8      | Reached skill level 2 in Dodging
  7351 | D:8      | Reached skill level 8 in Fighting
  7363 | D:8      | Reached * piety under Cheibriados
  7371 | D:8      | HP: 4/88 [scorpion (8)]
  7782 | D:8      | Reached skill level 3 in Dodging
  7932 | D:8      | HP: 4/108 [yak (18)]
  7932 | D:8      | Slain by a yak

Vanquished Creatures
  A wraith (D:7)
  A yak (D:8)
  A wyvern (D:8)
  An acid dragon (D:7)
  2 orc warriors
  A spiny frog skeleton (D:8)
  2 black bears (D:6)
  A phantom (D:5)
  An ogre (D:4)
  5 centaurs
  A bullfrog (D:6)
  A water moccasin zombie (D:6)
  3 wyvern skeletons
  4 scorpions
  2 water moccasin skeletons
  9 crimson imps
  A centaur zombie (Ossuary)
  3 hounds
  A bullfrog zombie (D:5)
  A human zombie (Ossuary)
  3 jellies
  A gnoll shaman (D:7)
  7 orc priests
  4 orc wizards
  5 worker ants
  2 iguanas
  A killer bee zombie (D:7)
  A hound skeleton (D:6)
  3 mummies (Ossuary)
  Samantha (D:2)
  14 gnolls
  6 adders
  2 oozes
  4 dart slugs
  33 orcs
  8 quokkas
  2 gnoll zombies (Ossuary)
  18 goblins
  10 hobgoblins
  7 jackals
  5 kobolds
  A ball python (D:1)
  9 bats
  6 frilled lizards
  3 hobgoblin zombies (Ossuary)
  A jackal skeleton (D:5)
  A kobold zombie (Ossuary)
  7 rats
  2 rat zombies (D:6)
209 creatures vanquished.
